 Dungeon Crawl Stone Soup version 0.30-b1-2-g02819fbbbe (webtiles) character file.

Game seed: 13337623822110652168

66 Alarkh the Trooper (level 3, 0/29 HPs)
             Began as a Demonspawn Chaos Knight on May 21, 2023.
             Was a Plaything of Xom.
             Slain by an orc priest
             ... wielding a +0 whip
              (3 damage)
             ... on level 2 of the Dungeon.
             The game lasted 00:01:53 (716 turns).

Alarkh the Trooper (Demonspawn Chaos Knight)         Turns: 716, Time: 00:01:54

Health: 0/29       AC:  3    Str: 12    XL:     3   Next: 96%
Magic:  3/3        EV: 11    Int: 15    God:    Xom [..*...]
Gold:   24         SH:  0    Dex: 12    Spells: 2/2 levels left

rFire   . . .        b - +0 dagger (venom)
rCold   . . .        (no shield)
rNeg    . . .        n - +2 leather armour
rPois   .            (no helmet)
rElec   .            (no cloak)
rCorr   .            (no gloves)
SInv    .            (no boots)
Will    .....        (no amulet)
Stlth   +            (no ring)
HPRegen 0.24/turn    (no ring)
MPRegen 0.08/turn

%: no passive effects
@: confused
A: powered by death 2, claws 1, deformed body, sense surroundings 1
a: Renounce Religion


You were on level 2 of the Dungeon.
You worshipped Xom.
You were a toy of Xom.
You visited 1 branch of the dungeon, and saw 2 of its levels.

You collected 24 gold pieces.

Inventory:

Hand Weapons
 a - a +0 falchion of chaos
 b - a +0 dagger of venom (weapon)
Armour
 n - a +2 leather armour (worn)
Magical Staves
 f - a staff of fire
Scrolls
 d - a scroll of identify {unknown}
 e - a scroll of fear {unknown}
 h - a scroll of fog {unknown}
 j - a scroll of noise {unknown}
 m - a scroll of teleportation {unknown}
 o - a scroll of enchant weapon {unknown}
 p - a scroll of immolation {unknown}
Potions
 i - a potion of heal wounds {unknown}
 k - a potion of curing {unknown}
 l - a potion of flight {unknown}
Miscellaneous
 c - a piece from Xom's chessboard (15/15) (quivered)


   Skills:
 + Level 3.6 Fighting
 * Level 3.6 Long Blades
 - Level 1.7 Armour
 + Level 1.7 Dodging


You had 2 spell levels left.
You didn't know any spells.
Your spell library contained the following spells:

 Spells                   Type           Power      Damage    Failure   Level
 Freeze                   Ice            0%         1d3       34%         1
 Frozen Ramparts          Ice            0%         1d1       71%         3
 Hailstorm                Conj/Ice       0%         3d3       71%         3
 Summon Guardian Golem    Hex/Summ       0%         N/A       71%         3
 Orb of Destruction       Conj           0%         9d5       100%        7
 Spellforged Servitor     Conj/Summ      0%         N/A       100%        7


Dungeon Overview and Level Annotations

Branches:
Dungeon (2/15)

Altars:


Innate Abilities, Weirdness & Mutations

You regenerate health from kills.
You have sharp fingernails.
Armour fits poorly on your strangely shaped body.
You passively map a small area around you.


Message History

The puff of flame misses you. The orc hits you with a +0 club.
You hit the orc but do no damage.
The orc looks as sick as possible!
You hear some strange, mumbled words.
You are confused.
You hear some strange, mumbled words.
You are more confused.
The orc priest closely misses you. The orc hits you but does no damage.
The orc priest calls upon Beogh to heal the orc.
The orc's wounds heal themselves!
You hit the orc priest but do no damage.
The orc priest is poisoned.
You're too confused to move!
The orc priest calls down the wrath of Beogh upon you.
You barely resist. The orc barely misses you.
You bump into the rock wall.
You kill the orc!
The orc priest calls down the wrath of Beogh upon you.
Pain shoots through your body!
You're too confused to move!
The orc priest looks satisfied for a moment.
You barely miss the orc priest.
The orc priest is lightly wounded.
The orc priest hits you but does no damage.
You closely miss the orc priest.
The orc priest is lightly wounded.
The orc priest calls down the wrath of Beogh upon you.
Beogh smites you!
* * * LOW HITPOINT WARNING * * *
It was a potion of mutation.
You feel extremely strange.
Your body twists and deforms.
Xom is highly amused!
You feel a strange attunement to the structure of the dungeons.
Your fingernails lengthen.
Xom roars with laughter!
A puff of flame appears from out of thin air!
The puff of flame hits you.
* * * LOW HITPOINT WARNING * * *
The orc priest hits you with a +0 whip.
You die...
Xom cackles wildly!

#....#.#..#...........
##......#..............
#...............###.##.#
..#...........)####.#*..
##.........#......... .
..............#.......
#.....#...#...........
#.....#.#.##.#......
*#..@o#....#......
#..##$##)#...(#......,
#...{.)....... ....
#....###{.###..###.# ##.
.....#..#, #, #..### .#
* .... , , * , #..#. *
...#?#


You could see an orc priest (poisoned).

Vanquished Creatures
  An adder (D:2)
  A worm (D:2)
  3 dart slugs
  2 orcs (D:2)
  3 endoplasms
  2 hobgoblins (D:1)
  5 jackals (D:1)
  3 quokkas
  5 bats
  2 frilled lizards (D:1)
  4 goblins
  7 kobolds
  5 rats (D:1)
43 creatures vanquished.

Vanquished Creatures (collateral kills)
  A rat (D:1)
1 creature vanquished.

Grand Total: 44 creatures vanquished

Notes
Turn   | Place    | Note
-------+----------+-------------------------------------------
     0 | D:1      | Alarkh the Demonspawn Chaos Knight began the quest for the
                  | Orb.
     0 | D:1      | Reached XP level 1. HP: 18/18 MP: 1/1
    42 | D:1      | XOM: silly message
    48 | D:1      | Reached skill level 1 in Dodging
   179 | D:1      | Gained mutation: You regenerate a little health from kills.
                  | [demonic ancestry]
   179 | D:1      | Reached XP level 2. HP: 24/24 MP: 2/2
   295 | D:1      | Gained mutation: You regenerate health from kills. [demonic
                  | ancestry]
   295 | D:1      | Reached XP level 3. HP: 29/29 MP: 3/3
   464 | D:1      | XOM: divination: magic mapping
   716 | D:2      | Gained mutation: Armour fits poorly on your strangely
                  | shaped body. [potion of mutation]
   716 | D:2      | Gained mutation: You passively map a small area around you.
                  | [potion of mutation]
   716 | D:2      | Gained mutation: You have sharp fingernails. [potion of
                  | mutation]
   716 | D:2      | Slain by an orc priest

Illustrated notes

Levels and vault maps discovered:
D:1:      matt_arrival_los_fun, layout_basic, minmay_misc_feat_alley
D:2:      layout_rooms, basic_altar, minmay_misc_feat_nine_boxes, uniq_sigmund,
          uniq_terence, uniq_jessica

Skill      XL: |  1  2 |
---------------+-------+-----
Dodging        | 1 |  1.7
Long Blades    | 3 |  3.6
Fighting       | |  3.6
Armour         | |  1.7

Action                     || total
---------------------------++-------
  Melee: Falchion          ||    73
         Dagger            ||    71
         Punch             ||     1
    Use: Potion            ||     1
   Stab: Confused          ||     1
         Paralysed         ||     1
         Sleeping          ||     1
 Armour: Leather armour    ||    52
  Dodge: Dodged            ||    86
